| TOP OF THE 1ST |
|
Milwaukee Brewers batting - Pitching for Colorado Rockies : RHP Colin Lancey Jr.
|
|
Pitching: RHP Colin Lancey Jr.
|
|
|
Batting: LHB Jason Peck
|
0-0: Ball 1-0: Foul Ball, location: 2F 1-1: Foul Ball, location: 2F 1-2: Ball 2-2: Ground out 3-1 (Groundball, 34, EV 88.1 MPH)
|
|
Batting: RHB Akitada Nishizawa
|
0-0: Ball 1-0: Ball 2-0: Ball 3-0: Called Strike 3-1: Swinging Strike 3-2: Ground out 6-3 (Groundball, 56, EV 79.4 MPH)
|
|
Batting: SHB Lewis Thorpe Jr.
|
0-0: Called Strike 0-1: Ball 1-1: Swinging Strike 1-2: Ball 2-2: Ball 3-2: Base on Balls
|
|
Batting: RHB Joel Haycock
|
0-0: Ball 1-0: Foul Ball, location: 2F 1-1: Ball 2-1: Fly out, F9 (Flyball, 89M, EV 76.9 MPH)
|
| Top of the 1st over - 0 runs, 0 hits, 0 errors, 1 left on base; Milwaukee 0 - Colorado 0 |
| BOTTOM OF THE 1ST |
|
Colorado Rockies batting - Pitching for Milwaukee Brewers : LHP Dale Ahernfeld
|
|
Pitching: LHP Dale Ahernfeld
|
|
|
Batting: SHB Eddie Quinones
|
0-0: Foul Ball, location: 2F 0-1: Ground out 5-3 (Groundball, 56, EV 93.8 MPH)
|
|
Batting: LHB Freddy Troncoso
|
0-0: Ball 1-0: Ball 2-0: Ground out 6-3 (Groundball, 6D, EV 83.8 MPH)
|
|
Batting: SHB Jerry Luckwell
|
0-0: Fly out, F4 (Popup, 4, EV 66.9 MPH)
|
| Bottom of the 1st over - 0 runs, 0 hits, 0 errors, 0 left on base; Milwaukee 0 - Colorado 0 |
| TOP OF THE 2ND |
|
Milwaukee Brewers batting - Pitching for Colorado Rockies : RHP Colin Lancey Jr.
|
|
Batting: SHB Junzo Kato
|
0-0: Ground out 3-1 (Groundball, 34S, EV 91.2 MPH)
|
|
Batting: RHB Adrian Rudkilde
|
0-0: Called Strike 0-1: Swinging Strike 0-2: Foul Ball, location: 2F 0-2: SINGLE (Groundball, 6MD, EV 107.5 MPH)
|
|
Batting: LHB Gabe Harvey
|
0-0: Foul Ball, location: 2F 0-1: Fly out, F8 (Flyball, 89D, EV 80.6 MPH)
|
|
Batting: LHB Alfredo de la Cruz
|
0-0: Foul Ball, location: 2F 0-1: Called Strike 0-2: Ball 1-2: Fly out, F8 (Flyball, 8LD, EV 76.9 MPH)
|
| Top of the 2nd over - 0 runs, 1 hit, 0 errors, 1 left on base; Milwaukee 0 - Colorado 0 |
| BOTTOM OF THE 2ND |
|
Colorado Rockies batting - Pitching for Milwaukee Brewers : LHP Dale Ahernfeld
|
|
Batting: RHB Cesar Breceda
|
0-0: Ball 1-0: Ball 2-0: Ball 3-0: Base on Balls
|
|
Batting: RHB Henry Alvizo
|
0-0: Ball 1-0: Called Strike 1-1: Ball 2-1: Foul Ball, location: 2F 2-2: Foul Ball, location: 2F 2-2: Grounds into double play, 5-4-3 (Groundball, 5, EV 100.0 MPH)
|
|
Batting: SHB Andy Vivas
|
0-0: DOUBLE (Line Drive, 89XD, EV 103.1 MPH)
|
|
Batting: LHB Andy Bowman
|
0-0: Ball 1-0: Ball 2-0: Ground out 4-3 (Groundball, 34, EV 86.9 MPH)
|
| Bottom of the 2nd over - 0 runs, 1 hit, 0 errors, 1 left on base; Milwaukee 0 - Colorado 0 |
| TOP OF THE 3RD |
|
Milwaukee Brewers batting - Pitching for Colorado Rockies : RHP Colin Lancey Jr.
|
|
Batting: RHB Naofumi Ishida
|
0-0: Ball 1-0: Swinging Strike 1-1: Ball 2-1: Foul Ball, location: 2F 2-2: Strikes out swinging
|
|
Batting: LHB Jason Peck
|
0-0: Ball 1-0: Ball 2-0: Ground out 4-3 (Groundball, 4, EV 83.1 MPH)
|
|
Batting: RHB Akitada Nishizawa
|
0-0: Ball 1-0: Ball 2-0: Called Strike 2-1: SINGLE (Flyball, 6D, EV 89.4 MPH)
|
|
Batting: SHB Lewis Thorpe Jr.
|
0-0: Foul Ball, location: 2F 0-1: Ball 1-1: Ball 2-1: Foul Ball, location: 2F 2-2: Fly out, F7 (Flyball, 78M, EV 93.1 MPH)
|
| Top of the 3rd over - 0 runs, 1 hit, 0 errors, 1 left on base; Milwaukee 0 - Colorado 0 |
| BOTTOM OF THE 3RD |
|
Colorado Rockies batting - Pitching for Milwaukee Brewers : LHP Dale Ahernfeld
|
|
Batting: LHB Bi-jun Chien
|
0-0: Ball 1-0: Ball 2-0: Ball 3-0: Base on Balls
|
|
Batting: LHB Shawn Morrison
|
0-0: Swinging Strike 0-1: 2-RUN HOME RUN (Flyball, 89XD, EV 106.2 MPH), Distance : 422 ft
|
|
Batting: SHB Eddie Quinones
|
0-0: Ball 1-0: Ball 2-0: Foul Ball, location: 2F 2-1: Ball 3-1: Base on Balls
|
|
Batting: LHB Freddy Troncoso
|
0-0: Fly out, F8 (Flyball, 8RD, EV 95.6 MPH)
|
|
Batting: SHB Jerry Luckwell
|
0-0: Foul Ball, location: 2F 0-1: Foul Ball, location: 2F 0-2: Ball 1-2: Strikes out swinging
|
|
Batting: RHB Cesar Breceda
|
0-0: Ball 1-0: Called Strike 1-1: Foul Ball, location: 2F 1-2: Foul Ball, location: 2F 1-2: Fly out, F9 (Flyball, 9LS, EV 91.9 MPH)
|
| Bottom of the 3rd over - 2 runs, 1 hit, 0 errors, 1 left on base; Milwaukee 0 - Colorado 2 |
| TOP OF THE 4TH |
|
Milwaukee Brewers batting - Pitching for Colorado Rockies : RHP Colin Lancey Jr.
|
|
Batting: RHB Joel Haycock
|
0-0: Ball 1-0: Ball 2-0: Ball 3-0: Base on Balls
|
|
Batting: SHB Junzo Kato
|
0-0: Ball 1-0: Swinging Strike 1-1: Swinging Strike 1-2: Strikes out swinging
|
|
Batting: RHB Adrian Rudkilde
|
0-0: Called Strike 0-1: Reached on error, E5 (Groundball, 56S, EV 68.8 MPH) Joel Haycock to second
|
|
Batting: LHB Gabe Harvey
|
0-0: Ball 1-0: Called Strike 1-1: Ball 2-1: Foul Ball, location: 2F 2-2: Ball 3-2: Fly out, F8 (Flyball, 78D, EV 99.4 MPH)
|
|
Batting: LHB Alfredo de la Cruz
|
0-0: Ball 1-0: Swinging Strike 1-1: Foul Ball, location: 2F 1-2: Ball 2-2: Fly out, F8 (Flyball, 8LD, EV 92.5 MPH)
|
| Top of the 4th over - 0 runs, 0 hits, 1 error, 2 left on base; Milwaukee 0 - Colorado 2 |
| BOTTOM OF THE 4TH |
|
Colorado Rockies batting - Pitching for Milwaukee Brewers : LHP Dale Ahernfeld
|
|
Batting: RHB Henry Alvizo
|
0-0: Foul Ball, location: 2F 0-1: Foul Ball, location: 2F 0-2: Foul Ball, location: 2F 0-2: Strikes out looking
|
|
Batting: SHB Andy Vivas
|
0-0: Ball 1-0: SINGLE (Groundball, 4MD, EV 102.5 MPH)
|
|
Batting: LHB Andy Bowman
|
0-0: SINGLE (Line Drive, 34, EV 104.4 MPH) Andy Vivas to second
|
|
Batting: LHB Bi-jun Chien
|
0-0: Ball 1-0: Ball 2-0: Grounds into double play, 4-6-3 (Groundball, 4, EV 108.1 MPH)
|
| Bottom of the 4th over - 0 runs, 2 hits, 0 errors, 1 left on base; Milwaukee 0 - Colorado 2 |
| TOP OF THE 5TH |
|
Milwaukee Brewers batting - Pitching for Colorado Rockies : RHP Colin Lancey Jr.
|
|
Now at C: Eduardo Camacho
|
|
|
Now at 1B: Jerry Luckwell
|
|
|
Now at SS: Jon Munoz
|
|
|
Now in LF: Greg Valenzuela
|
|
|
Now in RF: Freddy Troncoso
|
|
|
Batting: RHB Naofumi Ishida
|
0-0: Ball 1-0: Ball 2-0: Ball 3-0: Called Strike 3-1: Swinging Strike 3-2: Foul Ball, location: 2F 3-2: Ground out 6-3 (Groundball, 6, EV 82.5 MPH)
|
|
Pinch Hitting: RHB Dan Allred
|
0-0: Ball 1-0: Called Strike 1-1: Ball 2-1: Ball 3-1: Called Strike 3-2: Ground out U3 (Groundball, 34S, EV 81.9 MPH)
|
|
Batting: RHB Akitada Nishizawa
|
0-0: Ball 1-0: Ball 2-0: Ball 3-0: Base on Balls
|
|
Pinch Hitting: RHB Vinny Estrada
|
0-0: Called Strike 0-1: Foul Ball, location: 2F 0-2: Ball 1-2: Strikes out swinging
|
| Top of the 5th over - 0 runs, 0 hits, 0 errors, 1 left on base; Milwaukee 0 - Colorado 2 |
| BOTTOM OF THE 5TH |
|
Colorado Rockies batting - Pitching for Milwaukee Brewers : LHP Dale Ahernfeld
|
|
Now at C: Ben Campbell
|
|
|
Now at 1B: Jose Morrissey
|
|
|
Now at 2B: Sadataka Kuwahara
|
|
|
Now at SS: Dan Allred
|
|
|
Now in CF: Akitada Nishizawa
|
|
|
Now in RF: Vinny Estrada
|
|
|
Batting: LHB Shawn Morrison
|
0-0: Fly out, F9 (Line Drive, 89M, EV 85.6 MPH)
|
|
Batting: SHB Jon Munoz
|
0-0: Called Strike 0-1: Foul Ball, location: 2F 0-2: Foul Ball, location: 2F 0-2: Ball 1-2: Ground out 6-3 (Groundball, 6, EV 93.1 MPH)
|
|
Batting: LHB Freddy Troncoso
|
0-0: Ball 1-0: Ball 2-0: Ball 3-0: Called Strike 3-1: Foul Ball, location: 2F 3-2: Base on Balls
|
|
Batting: SHB Jerry Luckwell
|
0-0: Ball 1-0: Swinging Strike 1-1: Called Strike 1-2: Foul Ball, location: 2F 1-2: Ball Freddy Troncoso is caught stealing 2nd base 2-4
|
| Bottom of the 5th over - 0 runs, 0 hits, 0 errors, 0 left on base; Milwaukee 0 - Colorado 2 |
| TOP OF THE 6TH |
|
Milwaukee Brewers batting - Pitching for Colorado Rockies : RHP Colin Lancey Jr.
|
|
Pitching: RHP Tony Campos
|
|
|
Now at 2B: Jon Munoz
|
|
|
Now at 3B: Justin Williams
|
|
|
Now at SS: Henry Alvizo
|
|
|
Batting: RHB Jose Morrissey
|
0-0: Foul Ball, location: 2F 0-1: Ball 1-1: Called Strike 1-2: Strikes out swinging
|
|
Pinch Hitting: RHB Mike Ball
|
0-0: Ground out 5-3 (Groundball, 5, EV 105.6 MPH)
|
|
Batting: RHB Sadataka Kuwahara
|
0-0: Called Strike 0-1: Foul Ball, location: 2F 0-2: Strikes out swinging
|
| Top of the 6th over - 0 runs, 0 hits, 0 errors, 0 left on base; Milwaukee 0 - Colorado 2 |
| BOTTOM OF THE 6TH |
|
Colorado Rockies batting - Pitching for Milwaukee Brewers : LHP Dale Ahernfeld
|
|
Pitching: RHP Jeff Urry
|
|
|
Now at 3B: Mike Ball
|
|
|
Batting: SHB Jerry Luckwell
|
0-0: Ball 1-0: Foul Ball, location: 2F 1-1: Called Strike 1-2: SOLO HOME RUN (Flyball, 7D, EV 108.1 MPH), Distance : 414 ft
|
|
Batting: LHB Greg Valenzuela
|
0-0: Ball 1-0: Ball 2-0: Fly out, F5 (Popup, 5, EV 66.2 MPH)
|
|
Batting: RHB Henry Alvizo
|
0-0: Called Strike 0-1: Called Strike 0-2: Ground out 6-3 (Groundball, 56, EV 103.1 MPH)
|
|
Batting: SHB Andy Vivas
|
0-0: Ball 1-0: Swinging Strike 1-1: Ball 2-1: Ball 3-1: Fly out, F7 (Line Drive, 78M, EV 91.9 MPH)
|
| Bottom of the 6th over - 1 run, 1 hit, 0 errors, 0 left on base; Milwaukee 0 - Colorado 3 |
| TOP OF THE 7TH |
|
Milwaukee Brewers batting - Pitching for Colorado Rockies : RHP Tony Campos
|
|
Pitching: RHP Mitch Guerrero
|
|
|
Batting: LHB Gabe Harvey
|
0-0: Ball 1-0: Ball 2-0: Foul Ball, location: 2F 2-1: Fly out, F8 (Flyball, 78XD, EV 99.4 MPH)
|
|
Batting: LHB Alfredo de la Cruz
|
0-0: Foul Ball, location: 2F 0-1: Ball 1-1: Foul Ball, location: 2F 1-2: Strikes out swinging
|
|
Batting: RHB Ben Campbell
|
0-0: Ball 1-0: Ball 2-0: Ball 3-0: Base on Balls
|
|
Batting: RHB Dan Allred
|
0-0: Called Strike 0-1: SINGLE (Groundball, 56, EV 87.5 MPH) (infield hit) Ben Campbell to second
|
|
Pinch Hitting: RHB Daniel Donovan
|
0-0: Ball 1-0: Swinging Strike 1-1: Hit by Pitch Ben Campbell to third Dan Allred to second
|
|
Pinch Hitting: SHB Orlando Torres
|
0-0: Ball 1-0: Swinging Strike 1-1: Foul Ball, location: 2F 1-2: Foul Ball, location: 2F 1-2: Ground out 4-3 (Groundball, 4, EV 101.2 MPH)
|
| Top of the 7th over - 0 runs, 1 hit, 0 errors, 3 left on base; Milwaukee 0 - Colorado 3 |
| BOTTOM OF THE 7TH |
|
Colorado Rockies batting - Pitching for Milwaukee Brewers : RHP Jeff Urry
|
|
Pitching: LHP Nick Martin
|
|
|
Now in LF: Eric Klasek
|
|
|
Now in CF: Alfredo de la Cruz
|
|
|
Now in RF: Daniel Donovan
|
|
|
Batting: RHB Eduardo Camacho
|
0-0: Called Strike 0-1: Ball 1-1: Swinging Strike 1-2: Strikes out swinging
|
|
Batting: LHB Bi-jun Chien
|
0-0: Foul Ball, location: 2F 0-1: Ball 1-1: Foul Ball, location: 2F 1-2: Ball 2-2: Ball 3-2: Foul Ball, location: 2F 3-2: Base on Balls
|
|
Batting: RHB Justin Williams
|
0-0: Called Strike 0-1: Ball 1-1: Ball 2-1: Ball 3-1: Base on Balls Bi-jun Chien to second
|
|
Batting: SHB Jon Munoz
|
0-0: Foul Ball, location: 2F 0-1: Ball Bi-jun Chien steals 3rd base (no throw) Justin Williams to second 1-1: Foul Ball, location: 2F 1-2: Ball 2-2: Ball 3-2: Foul Ball, location: 2F 3-2: TRIPLE (Flyball, 78XD, EV 115.0 MPH) Bi-jun Chien scores Justin Williams scores
|
|
Batting: LHB Freddy Troncoso
|
0-0: Foul Ball, location: 2F 0-1: Foul Ball, location: 2F 0-2: Strikes out swinging
|
|
Batting: SHB Jerry Luckwell
|
0-0: Ball 1-0: Ball 2-0: Ball 3-0: Base on Balls
|
|
Batting: LHB Greg Valenzuela
|
0-0: Ball 1-0: Ball 2-0: Called Strike 2-1: Ball Jerry Luckwell steals 2nd base 3-1: Foul Ball, location: 2F 3-2: Base on Balls
|
|
Pitching: RHP Mark Hincks
|
|
|
Batting: RHB Henry Alvizo
|
0-0: Ball 1-0: Called Strike 1-1: Ball 2-1: Ball 3-1: Fielders Choice at 2nd, 6-4 (Groundball, 6, EV 85.0 MPH)
|
| Bottom of the 7th over - 2 runs, 1 hit, 0 errors, 3 left on base; Milwaukee 0 - Colorado 5 |
| TOP OF THE 8TH |
|
Milwaukee Brewers batting - Pitching for Colorado Rockies : RHP Mitch Guerrero
|
|
Pitching: LHP Bill Ogren
|
|
|
Batting: RHB Jose Morrissey
|
0-0: Called Strike 0-1: Foul Ball, location: 2F 0-2: Ball 1-2: Ball 2-2: Strikes out looking
|
|
Batting: RHB Mike Ball
|
0-0: Ball 1-0: Called Strike 1-1: Foul Ball, location: 2F 1-2: Strikes out swinging, 2-3 out at first.
|
|
Batting: RHB Sadataka Kuwahara
|
0-0: Called Strike 0-1: Called Strike 0-2: Hit by Pitch
|
|
Batting: LHB Gabe Harvey
|
0-0: Ball 1-0: SINGLE (Flyball, 5D, EV 86.9 MPH) Sadataka Kuwahara to second Runner from 2nd tries for 3rd, SAFE, throw by LF made to third
|
|
Batting: LHB Alfredo de la Cruz
|
0-0: Ball 1-0: Called Strike 1-1: Ground out U3 (Groundball, 3, EV 103.8 MPH)
|
| Top of the 8th over - 0 runs, 1 hit, 0 errors, 2 left on base; Milwaukee 0 - Colorado 5 |
| BOTTOM OF THE 8TH |
|
Colorado Rockies batting - Pitching for Milwaukee Brewers : RHP Mark Hincks
|
|
Batting: SHB Andy Vivas
|
0-0: Foul Ball, location: 2F 0-1: Ball 1-1: Swinging Strike 1-2: Foul Ball, location: 2F 1-2: Foul Ball, location: 2F 1-2: Ball 2-2: Ball 3-2: SINGLE (Line Drive, 6D, EV 98.8 MPH)
|
|
Batting: RHB Eduardo Camacho
|
0-0: Called Strike 0-1: Reached on error, E6 (Groundball, 6, EV 93.8 MPH) Andy Vivas to second
|
|
Batting: LHB Bi-jun Chien
|
0-0: Foul Ball, location: 2F 0-1: Ball 1-1: Swinging Strike 1-2: Strikes out swinging
|
|
Batting: RHB Justin Williams
|
0-0: Foul Ball, location: 2F 0-1: Ball 1-1: Ball 2-1: Fly out, F9 (Line Drive, 89S, EV 90.6 MPH)
|
|
Batting: SHB Jon Munoz
|
0-0: Swinging Strike 0-1: Ball 1-1: Called Strike 1-2: Ball 2-2: Foul Ball, location: 2F 2-2: Ball 3-2: Foul Ball, location: 2F 3-2: Fly out, F9 (Line Drive, 9, EV 91.9 MPH)
|
| Bottom of the 8th over - 0 runs, 1 hit, 1 error, 2 left on base; Milwaukee 0 - Colorado 5 |
| TOP OF THE 9TH |
|
Milwaukee Brewers batting - Pitching for Colorado Rockies : LHP Bill Ogren
|
|
Pitching: LHP Randy Rowland
|
|
|
Batting: RHB Ben Campbell
|
0-0: Called Strike 0-1: Foul Ball, location: 2F 0-2: Ball 1-2: Strikes out swinging
|
|
Pinch Hitting: RHB Kisho Ito
|
0-0: Swinging Strike 0-1: Ball 1-1: Ball 2-1: Foul Ball, location: 2F 2-2: Ball 3-2: Strikes out looking
|
|
Batting: RHB Daniel Donovan
|
0-0: SINGLE (Groundball, 56D, EV 85.0 MPH) (infield hit)
|
|
Batting: LHB Eric Klasek
|
0-0: Called Strike 0-1: Ball 1-1: Fly out, F9 (Flyball, 9, EV 83.8 MPH)
|
| Top of the 9th over - 0 runs, 1 hit, 0 errors, 1 left on base; Milwaukee 0 - Colorado 5 |
|